 Seeded DCSS version 0.30-a0-830-gfe289a77b0 (webtiles) character file.

Game seed: 10962520627805071627 (custom seed)

10 demibob the Cudgeller (level 2, 29/29 HPs)
             Began as a Troll Berserker on Feb 28, 2023.
             Was a Follower of Trog.
             Quit the game on level 1 of the Dungeon.
             The game lasted 00:00:35 (128 turns).

demibob the Cudgeller (Troll Berserker)              Turns: 128, Time: 00:00:36

Health: 29/29      AC:  4    Str: 24    XL:     2   Next: 10%
Magic:  1/1        EV: 10    Int:  3    God:    Trog [*.....]
Gold:   25         SH:  0    Dex:  9    Spells: 1/1 levels left

rFire   . . .      SeeInvis .    a - +0 mace
rCold   . . .      Faith    .    (no shield)
rNeg    . . .      Spirit   .    b - +0 animal skin
rPois   .          Reflect  .    (helmet restricted)
rElec   .          Harm     .    (no cloak)
rCorr   .          Rampage  .    (gloves unavailable)
Will    .....                    (boots unavailable)
Stlth   +                        (no amulet)
HPRegen 1.04/turn                (no ring)
MPRegen 0.07/turn                (no ring)

@: no status effects
A: large, unfitting armour, claws 3, regeneration 1, shaggy fur 1, tough skin 1
a: Renounce Religion, Berserk


You were on level 1 of the Dungeon.
You worshipped Trog.
Trog was aware of your devotion.
You visited 1 branch of the dungeon, and saw 1 of its levels.

You collected 25 gold pieces.


Innate Abilities, Weirdness & Mutations

You are too large for most types of armour.
You have claws for hands.
Your natural rate of healing is unusually fast.
You are covered in fur. (AC +1)
You have tough skin. (AC +1)


   Skills:
 - Level 2.4 Fighting
 + Level 3.3 Maces & Flails
 - Level 2.4 Dodging


You had one spell level left.
You didn't know any spells.
Your spell library was empty.

Inventory:

Hand Weapons
 a - a +0 mace (weapon)
 f - a +3 demon whip of electrocution
Armour
 b - a +0 animal skin (worn)
 g - the +1 gold dragon scales "Miefevod" {rPois rF+ rC+ Str+3}
   (You acquired it on level 1 of the Dungeon)

   Str:       It affects your strength (+3).
   rF:        It protects you from fire.
   rC:        It protects you from cold.
   rPois:     It protects you from poison.
Jewellery
 e - an amulet of faith {!P}
Scrolls
 c - a scroll of identify {unknown}
 d - a scroll of acquirement

Dungeon Overview and Level Annotations

Branches:
Dungeon (1/15)

Altars:

############ .(......
#..........####...###
#...................#
#..........###..#####
#..........# #..# #######
#..........# #..# #.#....
##..........# #..# #...###
..........#####..######....
##########@....†...........
#)###############. ... #.
.#.## . #.#.# . #..
####+### ## ### +.......
#....... #.......


There were no monsters in sight!


Message History

Found 8 stones.
A dart slug comes into view.
A dart slug is nearby!
Found 18 gold pieces.
The dart slug barely misses you.
You sock the dart slug!
You kill the dart slug!
Trog accepts your kill.
You have reached level 2!
You now have 18 gold pieces.
You now have 25 gold pieces (gained 7).
A goblin comes into view. It is wielding a +0 dagger.
The goblin shouts!
A goblin is nearby!
You sock the goblin!
You kill the goblin!
Trog accepts your kill.
No target in view!
No target in view!
No target in view!
No target in view!
No target in view!
No target in view!
No target in view!
This is a scroll of acquirement!
Something appears at your feet!
f - a +3 demon whip of electrocution Something appears at your feet!
g - the +1 gold dragon scales "Miefevod" {rPois rF+ rC+ Str+3} Are you sure you want to abandon this character and quit the game? (Confirm with "yes".)

Skill      XL: |  1 |
---------------+----+-----
Maces & Flails | 3 |  3.3
Fighting       | |  2.4
Dodging        | |  2.4

Action                     || total
---------------------------++-------
  Melee: Mace              ||    17
    Use: Scroll            ||     2
 Armour: Animal skin       ||     5
  Dodge: Dodged            ||    11

Levels and vault maps discovered:
D:1:      lemuel_arrival_room, layout_basic, serial_aquarium,
          aquarium_bridge_square [aquarium_subvault_bridge,
          aquarium_subvault_window, aquarium_subvault_window,
          aquarium_subvault_bridge], aquarium_window_1, aquarium_window_3,
          aquarium_window_double, aquarium_view_2f, aquarium_view_2d,
          aquarium_balcony_3b

Notes
Turn   | Place    | Note
-------+----------+-------------------------------------------
     0 | D:1      | demibob the Troll Berserker began the quest for the Orb.
     0 | D:1      | Reached XP level 1. HP: 22/22 MP: 0/0
    60 | D:1      | Reached skill level 3 in Maces & Flails
   106 | D:1      | Reached XP level 2. HP: 29/29 MP: 1/1
   124 | D:1      | Identified 3 scrolls of acquirement
   124 | D:1      | Acquired a +3 demon whip of electrocution
   126 | D:1      | Acquired the +1 gold dragon scales "Miefevod" {rPois rF+
                  | rC+ Str+3}
   128 | D:1      | Quit the game

Vanquished Creatures
  A dart slug (D:1)
  A bat (D:1)
  A goblin (D:1)
  A hobgoblin (D:1)
  2 kobolds (D:1)
  A quokka (D:1)
7 creatures vanquished.

Table legend: (Time is in decaauts)
 A = Elapsed time spent in this place.
 B = Non-inter-level travel time spent in this place.
 C = Inter-level travel time spent in this place.
 D = Time resting spent in this place.
 E = Time spent auto-exploring this place.
 F = Levels seen in this place.
 G = Mean time per level.
                   A        B        C        D        E       F      G
               +--------+--------+--------+--------+--------+-----+--------+
         Total |    132 |    132 |      0 |      0 |     75 |   1 |  132.0 |
       Dungeon |    132 |    132 |      0 |      0 |     75 |   1 |  132.0 |
               +--------+--------+--------+--------+--------+-----+--------+

Top non-repeatable levels by time:
     D:1: 132 daAuts

Table legend:
 A = Non-vault XP
 B = Vault XP
 C = Vault XP percentage of total XP
 D = Non-vault monster count
 E = Vault monster count
 F = Vault count percentage of total count
                 A         B        C        D         E       F
            +---------+---------+-------+---------+---------+-------
      Total |      15 |       0 |   0.0 |       7 |       0 |   0.0
            +---------+---------+-------+---------+---------+-------
        D:1 |      15 |       0 |   0.0 |       7 |       0 |   0.0
            +---------+---------+-------+---------+---------+-------
